 Dungeon Crawl Stone Soup version 0.29.1-15-g9cfb28693d (webtiles) character file.

Game seed: 12731548669070628706

72732 Smoke131 the Fighter (level 15, 135/135 HPs)
             Began as a Yellow Draconian Fire Elementalist on Feb 25, 2023.
             Was a High Priest of Vehumet.
             Quit the game on level 2 of the Orcish Mines.
             The game lasted 01:32:17 (28011 turns).

Smoke131 the Fighter (DrFE)                        Turns: 28011, Time: 01:32:18

Health: 135/135    AC: 24    Str: 12    XL:     15   Next: 2%
Magic:  27/27      EV: 15    Int: 30    God:    Vehumet [*****.]
Gold:   1847       SH: 19    Dex: 12    Spells: 5/30 levels left

rFire   . . .      SeeInvis .   r - +4 spear (venom)
rCold   + . .      Faith    .   N - +2 kite shield {rC+}
rNeg    . . .      Spirit   .   (body armour unavailable)
rPois   +          Reflect  +   P - +2 hat {Int+3}
rElec   .          Harm     .   M - +2 cloak {rPois}
rCorr   +          Rampage  .   u - +2 pair of gloves
Will    +....                   t - +2 pair of boots
Stlth   ++........              K - amulet of reflection
HPRegen 0.32/turn               F - +4 ring of protection
MPRegen 0.20/turn               d - +6 ring of intelligence

@: no status effects
A: spit acid, AC +9, unfitting armour, acidic bite, cold-blooded, acid
resistance
a: Breathe Acid, Renounce Religion


You were on level 2 of the Orcish Mines.
You worshipped Vehumet.
Vehumet was extremely pleased with you.
You visited 4 branches of the dungeon, and saw 18 of its levels.
You also visited: Ice Cave.

You collected 2087 gold pieces.
You spent 240 gold pieces at shops.

Inventory:

Hand Weapons
 r - a +4 spear of venom (weapon)
Missiles
 k - 3 throwing nets
Armour
 t - a +2 pair of boots (worn)
 u - a +2 pair of gloves (worn)
 H - a scarf of resistance
 M - a +2 cloak of poison resistance (worn)
 N - a +2 kite shield of cold resistance (worn)
 P - a +2 hat of intelligence (worn)
Jewellery
 d - a +6 ring of intelligence (right hand)
 h - a ring of positive energy
 n - an amulet of faith
 q - a ring of flight
 w - a ring of see invisible
 C - a ring of protection from cold
 D - an amulet of regeneration
 F - a +4 ring of protection (left hand)
 G - the ring "Xoczaoff" {Contam rPois rC+ Str+7 Stlth+}
   (You took it off a kobold on level 9 of the Dungeon)

   [ring of protection from cold]

   Str:       It affects your strength (+7).
   rC:        It protects you from cold.
   rPois:     It protects you from poison.
   Contam:    It causes magical contamination when unequipped.
   Stlth:     It makes you more stealthy.
 K - an amulet of reflection (around neck)
 L - an amulet of guardian spirit
 U - a ring of poison resistance
Wands
 c - a wand of digging (3)
 e - a wand of flame (8)
 s - a wand of charming (33)
 O - a wand of iceblast (3)
Scrolls
 i - 5 scrolls of enchant weapon
 x - a scroll of enchant armour
 y - 3 scrolls of fog
 I - 2 scrolls of blinking {unknown}
 Q - a scroll of fear {unknown}
 R - a scroll of silence {unknown}
 S - a scroll of amnesia
 T - a scroll of identify
 V - a scroll of poison
Potions
 a - a potion of mutation
 b - 3 potions of attraction
 f - 3 potions of lignification
 g - 14 potions of curing
 j - 3 potions of might
 l - 3 potions of flight
 m - 2 potions of berserk rage
 o - 5 potions of resistance
 v - 3 potions of brilliance
 z - 2 potions of invisibility
 A - 2 potions of heal wounds
 B - 2 potions of haste
 E - a potion of cancellation {unknown}


   Skills:
 - Level 13.0 Fighting
 - Level 10.5 Dodging
 - Level 1.7 Stealth
 + Level 13.0 Shields
 - Level 8.0 Spellcasting
 - Level 11.1 Conjurations
 - Level 11.1 Fire Magic
 - Level 4.4 Earth Magic


You had 5 spell levels left.
You knew the following spells:

 Your Spells              Type           Power      Damage    Failure   Level
a - Foxfire               Conj/Fire      100%       2x1d9     1%          1
b - Scorch                Fire           100%       2d10      1%          2
c - Conjure Flame         Conj/Fire      68%        6-21      1%          3
d - Sticky Flame          Conj/Fire      68%        2d8       1%          4
e - Flame Wave            Conj/Fire      68%        2d15      1%          4
f - Starburst             Conj/Fire      34%        6d10      3%          6
l - Lee's Rapid Deconstr  Erth           19%        3d12*     11%         5

Your spell library contained the following spells:

 Spells                   Type           Power      Damage    Failure   Level
 Ignite Poison            Fire/Tmut/Pois 34%        N/A       1%          3
 Inner Flame              Hex/Fire       45%        N/A       1%          3
 Poisonous Vapours        Pois/Air       24%        N/A       3%          2
 Beastly Appendage        Tmut           24%        N/A       9%          1
 Sting                    Tmut/Pois      48%        1d5       9%          1
 Wereblood                Tmut           12%        N/A       12%         2
 Olgreb's Toxic Radiance  Pois           12%        N/A       21%         4
 Confusing Touch          Hex            12%        N/A       24%         3
 Portal Projectile        Hex/Tloc       24%        N/A       24%         3
 Spider Form              Tmut/Pois      12%        N/A       24%         3
 Tukima's Dance           Hex            12%        N/A       24%         3
 Leda's Liquefaction      Hex/Erth       12%        N/A       32%         4
 Yara's Violent Unravell  Hex/Tmut       6%         3d5       47%         5
 Blade Hands              Tmut           6%         N/A       92%         5
 Statue Form              Tmut/Erth      16%        N/A       99%         6
 Summon Cactus Giant      Summ           6%         N/A       100%        6
 Enfeeble                 Hex            6%         N/A       100%        7


Dungeon Overview and Level Annotations

Branches:
Dungeon (10/15)            Temple (1/1) D:4            Lair (5/5) D:8
 Shoals (0/4) Lair:3        Snake (0/4) Lair:2        Slime (0/5) Lair:5
    Orc (2/2) D:10            Elf (0/3) Orc:2         IceCv (visited)

Altars:
Ashenzari
Cheibriados
Dithmenos
Elyvilon
Fedhas
Gozag
Hepliaklqana
Kikubaaqudgha
Makhleb
Nemelex Xobeh
Okawaru
Qazlal
Ru
Sif Muna
Trog
Uskayaw
Vehumet
Wu Jian
Xom
Yredelemnul
Zin
The Shining One

Shops:
D:4 *   D:10 [   Orc:2 ((:[*

Annotations:
D:8 3 transporters
D:9 exclusion: orange crystal statue
Lair:1 safid's ghost, journeyman MfIE


Innate Abilities, Weirdness & Mutations

You can spit globs of acid.
Your golden yellow scales are hard. (AC +9)
You cannot fit into any form of body armour.
You have acidic saliva.
You are cold-blooded and may be slowed by cold attacks.
You are resistant to acid. (rCorr)


Message History

The orc wizard is heavily wounded.
You block the orc wizard's attack.
You hit the orc wizard.
The orc wizard looks as sick as possible!
You bite the orc wizard, but do no damage.
The orc wizard is severely wounded.
The orc wizard closely misses you.
You closely miss the orc wizard.
Your tail-slap misses the orc wizard.
The orc wizard is severely wounded.
You block the orc wizard's attack.
You hit the orc wizard.
You kill the orc wizard!
Vehumet accepts your kill.
Things that are here:
a +0 dagger; a +0 robe; an orc corpse HP restored.
Magic restored.
Things that are here:
a +0 flail; a +2 mace of venom You see here a +0 club.
Things that are here:
a +0 plate armour; a silver boomerang; a +0 halberd
Things that are here:
a +0 chain mail; a +0 trident
Found Yrentoha's General Store.
Found Linn's Book Shop.
Found Ytossuki's Antique Armour Shop and Viegem's Antique Weapon Boutique.
There is an entrance to Ytossuki's Antique Armour Shop here.
There is an entrance to Viegem's Antique Weapon Boutique here.
There is an entrance to Ytossuki's Antique Armour Shop here.
There is an entrance to Yrentoha's General Store here.
There is an entrance to Linn's Book Shop here.
There is an entrance to Yrentoha's General Store here.
Done exploring.
Done exploring.
You start putting on your armour.
You continue putting on your +2 kite shield of cold resistance. x4
You finish putting on your +2 kite shield of cold resistance.
You feel resistant to cold.
Are you sure you want to abandon this character and quit the game? (Confirm with "yes".)

#..................# #.....
#..................# ##....
##.....#######...### #.....
###....# #...# #.....
#∩##...#######...######...#.
#.∩##.................#.....
#...#.................#.....
##..#..............)........
##........@.......)........
##......⌠.................
##.........................
##..#.......................
#...#.................#.....
#.∩##.................#.#...
#∩##...#######...######)....
###....# #...# #....)
##.....#######...### #....)


There were no monsters in sight!

Vanquished Creatures
  Gastronok (Lair:1)
  A frost giant (IceCv)
  An orc warlord (Orc:2)
  An ettin (Orc:2)
  Harold (D:10)
  A boulder beetle (Lair:5)
  A centaur warrior (D:9)
  3 hydras
  Erolcha (Orc:1)
  13 death yaks
  3 orc high priests (Orc:2)
  A two-headed ogre (D:9)
  Sonja (Lair:1)
  A lindwurm (Lair:4)
  Pikel (D:5)
  5 orc sorcerers (Orc:2)
  3 orc knights (Orc:2)
  An oklob plant (Lair:5)
  A merfolk siren (Lair:3)
  9 black mambas
  Joseph (Lair:1)
  10 elephants
  An ice statue (IceCv)
  A torpor snail (Lair:5)
  10 cane toads
  4 rime drakes
  Maggie (Lair:1)
  Psyche (D:9)
  7 komodo dragons
  4 trolls
  7 polar bears
  4 hornets (Lair:5)
  26 blink frogs
  Prince Ribbit (Lair:2)
  6 dream sheep (Lair:5)
  13 spriggans (Lair:5)
  Sigmund (D:4)
  A vampire (D:9)
  2 wraiths (D:9)
  A shadow (D:10)
  38 yaks
  4 wyverns
  8 basilisks
  2 steam dragons (D:8)
  An acid dragon (D:9)
  24 water moccasins
  2 ice beasts
  23 orc warriors
  3 sky beasts
  A black bear (shapeshifter) (D:10)
  7 black bears
  4 boggarts (Lair:5)
  47 wolves
  4 centaurs
  3 kobold brigands
  13 bullfrogs
  5 necrophages
  4 gnoll sergeants (D:7)
  2 scorpions (D:4)
  4 wights (D:7)
  4 electric eels (D:8)
  2 howler monkeys (D:10)
  8 hounds
  Crazy Yiuf (D:7)
  4 jellies
  19 orc priests
  A gnoll bouda (D:7)
  2 iguanas
  Jessica (D:3)
  Ijyb (D:3)
  14 orc wizards
  17 gnolls
  9 adders
  A shadow imp (D:7)
  14 white imps
  An ufetubus (D:7)
  2 worms
  61 orcs
  2 bats (D:2)
  5 endoplasms
  2 giant cockroaches
  6 goblins
  6 hobgoblins
  7 jackals
  21 kobolds
  2 quokkas (D:1)
  3 ball pythons
  3 frilled lizards (D:2)
  3 rats
  A butterfly (Lair:3)
574 creatures vanquished.

Vanquished Creatures (collateral kills)
  2 foxfires
2 creatures vanquished.

Vanquished Creatures (others)
  707 foxfires
  34 fungi
  73 plants
814 creatures vanquished.

Grand Total: 1390 creatures vanquished

Notes
Turn   | Place    | Note
-------+----------+-------------------------------------------
     0 | D:1      | Smoke131 the Draconian Fire Elementalist began the quest
                  | for the Orb.
     0 | D:1      | Reached XP level 1. HP: 14/14 MP: 3/3
   463 | D:1      | Reached XP level 2. HP: 20/20 MP: 5/5
  1892 | D:2      | Reached XP level 3. HP: 26/26 MP: 3/6
  2569 | D:2      | Reached XP level 4. HP: 27/33 MP: 0/8
  2669 | D:2      | Learned a level 2 spell: Scorch
  2673 | D:2      | Learned a level 3 spell: Conjure Flame
  2749 | D:2      | Identified the +8 spear "Natregik" {drain, rC+ Int-4 Dex+2}
  3070 | D:3      | Noticed Jessica
  3072 | D:3      | Killed Jessica
  3207 | D:3      | Found a faded altar of an unknown god.
  3284 | D:3      | Noticed Ijyb
  3288 | D:3      | Killed Ijyb
  3289 | D:3      | Reached XP level 5. HP: 38/38 MP: 0/9
  3531 | D:3      | Found an ornate altar of the Wu Jian Council.
  4141 | D:4      | Found a staircase to the Ecumenical Temple.
  4158 | Temple   | Entered the Ecumenical Temple
  4158 | Temple   | Found a transporter.
  4158 | Temple   | Found a transporter.
  4160 | Temple   | Found a transporter.
  4160 | Temple   | Found a transporter.
  4186 | Temple   | Became a worshipper of Vehumet
  4302 | D:4      | Reached XP level 6. HP: 40/45 MP: 0/11
  4409 | D:4      | Found Kaalucuyth's Serpentskin Sales.
  4409 | D:4      | Noticed a water moccasin
  4409 | D:4      | Noticed a water moccasin
  4409 | D:4      | Noticed Sigmund
  4577 | D:4      | Killed a water moccasin
  4614 | D:4      | Killed a water moccasin
  4742 | D:4      | Your scales start taking on a golden yellow colour.
  4742 | D:4      | Reached XP level 7. HP: 50/50 MP: 5/12
  4742 | D:4      | Gained mutation: You are resistant to acid. (rCorr) [Yellow
                  | Draconian growth]
  4994 | D:4      | Reached skill level 5 in Fire Magic
  5010 | D:4      | Found a blossoming altar of Fedhas.
  5224 | D:4      | Killed Sigmund
  5477 | D:5      | Entered Level 5 of the Dungeon
  5547 | D:5      | Reached XP level 8. HP: 57/57 MP: 8/14
  5592 | D:5      | Found an iron altar of Okawaru.
  5744 | D:5      | Reached skill level 5 in Spellcasting
  5744 | D:5      | Reached skill level 5 in Conjurations
  5886 | D:5      | Reached skill level 5 in Dodging
  6800 | D:6      | Reached * piety under Vehumet
  6800 | D:6      | Offered knowledge of Freeze by Vehumet.
  7122 | D:6      | Learned a level 4 spell: Flame Wave
  7131 | D:6      | Found a shimmering blue altar of Sif Muna.
  7232 | D:6      | Reached XP level 9. HP: 56/62 MP: 0/16
  7412 | D:6      | Found a sacrificial altar of Ru.
  7554 | D:6      | Noticed Pikel
  7603 | D:5      | Killed Pikel
  8015 | D:6      | Reached XP level 10. HP: 97/97 MP: 17/17
  8189 | D:7      | Learned a level 4 spell: Sticky Flame
  8201 | D:7      | Offered knowledge of Shock by Vehumet.
  8247 | D:7      | Reached ** piety under Vehumet
  9321 | D:7      | Found a runed translucent door.
  9322 | D:7      | Noticed Crazy Yiuf
  9327 | D:7      | Killed Crazy Yiuf
  9525 | D:8      | Found a transporter.
  9547 | D:8      | Found a transporter.
  9709 | D:8      | Reached XP level 11. HP: 71/104 MP: 8/18
  9742 | D:8      | Offered knowledge of Static Discharge by Vehumet.
 10064 | D:8      | Reached *** piety under Vehumet
 10192 | D:8      | Found a staircase to the Lair.
 10236 | D:8      | Identified the +2 war axe "Iruffudd" {vamp, *Noise +Blink
                  | rN++ Str+4}
 10426 | D:8      | Found a basalt altar of Yredelemnul.
 10427 | D:8      | Found a bloodstained altar of Trog.
 10526 | D:8      | Found a transporter.
 10548 | D:8      | Found a transporter.
 10620 | D:9      | Noticed Psyche
 10628 | D:9      | Killed Psyche
 10853 | D:9      | Noticed a two-headed ogre
 10868 | D:9      | Killed a two-headed ogre
 10946 | D:9      | Identified the ring "Xoczaoff" {Contam rPois rC+ Str+7
                  | Stlth+}
 10976 | D:9      | Noticed an orange crystal statue
 11422 | D:9      | Noticed a centaur warrior
 11428 | D:9      | Killed a centaur warrior
 11851 | D:10     | Entered Level 10 of the Dungeon
 11857 | D:10     | Offered knowledge of Mephitic Cloud by Vehumet.
 12053 | D:10     | Found Cefecade's Armour Boutique.
 12053 | D:10     | Found a staircase to the Orcish Mines.
 12084 | D:10     | Bought a +2 cloak of poison resistance for 240 gold pieces
 12295 | D:10     | Found a glowing golden altar of the Shining One.
 12328 | D:10     | Noticed Harold
 12337 | D:10     | Killed Harold
 12657 | D:10     | Found a sparkling altar of Nemelex Xobeh.
 12772 | Lair:1   | Entered Level 1 of the Lair of Beasts
 12804 | Lair:1   | Found a frozen archway.
 12828 | IceCv    | Entered an ice cave
 12835 | IceCv    | Reached **** piety under Vehumet
 12846 | IceCv    | Noticed a death yak
 12847 | IceCv    | Offered knowledge of Dazzling Flash by Vehumet.
 12850 | IceCv    | Reached skill level 10 in Fire Magic
 12850 | IceCv    | Noticed a death yak
 12858 | IceCv    | Killed a death yak
 12859 | IceCv    | Reached XP level 12. HP: 102/111 MP: 6/19
 12862 | IceCv    | Killed a death yak
 13009 | IceCv    | Noticed a death yak
 13009 | IceCv    | Noticed a death yak
 13030 | IceCv    | Noticed a death yak
 13035 | IceCv    | Killed a death yak
 13036 | IceCv    | Reached skill level 10 in Conjurations
 13048 | IceCv    | Killed a death yak
 13353 | IceCv    | Killed a death yak
 13354 | IceCv    | Reached skill level 10 in Dodging
 13764 | IceCv    | Noticed a death yak
 13780 | IceCv    | Killed a death yak
 13855 | IceCv    | Noticed a death yak
 13855 | IceCv    | Noticed a death yak
 13860 | IceCv    | Noticed a death yak
 13863 | IceCv    | Noticed a death yak
 13881 | IceCv    | Killed a death yak
 13897 | IceCv    | Killed a death yak
 13987 | IceCv    | Noticed a death yak
 14020 | IceCv    | Killed a death yak
 14031 | IceCv    | Killed a death yak
 14050 | IceCv    | Killed a death yak
 14365 | IceCv    | Noticed a death yak
 14365 | IceCv    | Noticed a frost giant
 14874 | IceCv    | Killed a frost giant
 15074 | IceCv    | Killed a death yak
 15603 | Lair:1   | Noticed Maggie
 15611 | Lair:1   | Killed Maggie
 15755 | Lair:1   | Noticed Sonja
 15759 | Lair:1   | Killed Sonja
 15760 | Lair:1   | Reached skill level 1 in Shields
 15900 | Lair:1   | Found a runed translucent gate.
 15900 | Lair:1   | Found a runed translucent gate.
 15900 | Lair:1   | Found a runed translucent gate.
 15904 | Lair:1   | Noticed safid's ghost (journeyman MfIE)
 15912 | Lair:1   | Reached XP level 13. HP: 119/119 MP: 17/22
 16031 | Lair:1   | Noticed Joseph
 16052 | Lair:1   | Noticed Gastronok
 16386 | Lair:1   | Killed Joseph
 16925 | Lair:1   | Killed Gastronok
 18101 | Lair:2   | Found a staircase to the Snake Pit.
 18377 | Lair:2   | Noticed Prince Ribbit
 18386 | Lair:2   | Killed Prince Ribbit
 18605 | Lair:2   | Reached ***** piety under Vehumet
 18611 | Lair:2   | Offered knowledge of Irradiate by Vehumet.
 18645 | Lair:2   | Reached skill level 5 in Shields
 20579 | Lair:3   | Found a staircase to the Shoals.
 21754 | Lair:5   | Entered Level 5 of the Lair of Beasts
 21760 | Lair:5   | Gained mutation: You have acidic saliva. [Yellow Draconian
                  | growth]
 21760 | Lair:5   | Reached XP level 14. HP: 118/127 MP: 20/24
 21811 | Lair:4   | Offered knowledge of Eringya's Noxious Bog by Vehumet.
 22222 | Lair:5   | Reached skill level 10 in Shields
 22246 | Lair:5   | Learned a level 5 spell: Lee's Rapid Deconstruction
 22264 | Lair:5   | Found a broken altar of Ashenzari.
 22307 | Lair:5   | Reached skill level 1 in Earth Magic
 22783 | Lair:5   | Found a staircase to the Slime Pits.
 23230 | Lair:5   | Offered knowledge of Starburst by Vehumet.
 23241 | Lair:5   | Learned a level 6 spell: Starburst
 25025 | Orc:1    | Entered Level 1 of the Orcish Mines
 25025 | Orc:1    | Noticed Erolcha
 25025 | Orc:1    | You fall into a shaft and drop 1 floor!
 25025 | Orc:2    | Entered Level 2 of the Orcish Mines
 25025 | Orc:2    | Found a staircase to the Elven Halls.
 25274 | Orc:1    | Killed Erolcha
 25743 | Orc:2    | Found Liwet's Weapon Shoppe.
 26922 | Orc:2    | Noticed an orc warlord
 27116 | Orc:2    | Killed an orc warlord
 27730 | Orc:2    | Reached XP level 15. HP: 119/135 MP: 3/27
 27942 | Orc:2    | Found Yrentoha's General Store.
 27943 | Orc:2    | Found Linn's Book Shop.
 27945 | Orc:2    | Found Ytossuki's Antique Armour Shop.
 27945 | Orc:2    | Found Viegem's Antique Weapon Boutique.
 28011 | Orc:2    | Quit the game

Illustrated notes

Levels and vault maps discovered:
D:1:      psy_arrival_radial01, layout_loops_ring, minivault_4
D:2:      layout_loops_cross
D:3:      layout_rooms, general_overflow_altar,
          shapermc_ecumenical_altar_rom_forum, minmay_misc_feat_rows,
          uniq_jessica, uniq_ijyb
D:4:      layout_loops_cross, lemuel_coloured_pillars_altar,
          minmay_temple_entry_glassed_door, guppyfry_shop_venom, uniq_sigmund
D:5:      layout_basic, okawaru_trees_2, st_stairs_13
D:6:      layout_gridville, nicolae_ru_awakened_eye,
          mainiacjoe_overflow_alcove_1, uniq_pikel
D:7:      layout_cave_pools, serial_gnoll_camp, gnoll_camp_mini_hut,
          gnoll_camp_mini_house, gnoll_camp_mini_hut, gnoll_camp_mini_hut,
          gnoll_camp_huts_basic, gnoll_camp_mini_doghouse,
          uniq_crazy_yiuf_cottage
D:8:      layout_rooms, nicolae_overflow_squiral, erik_lair_island,
          minmay_crystal_water, nicolae_transporter_intersection
D:9:      minmay_chambers_of_sixes, layout_loops_ring, minmay_protected_statue,
          uniq_psyche
D:10:     layout_rooms, nemelex_spade_bored_becter, overflow_temple_1_default,
          orc_david_3, kennysheep_cross_bottleneck, uniq_harold
Temple:   hellmonk_temple_divided_pantheon
Lair:1:   layout_loops_ring, ebering_ghost_rock_garden,
          portal_ice_cave_entry_imps, uniq_gastronok, uniq_joseph, uniq_maggie,
          uniq_sonja
Lair:2:   layout_roguey, guppyfry_snake_entry_garden, grunt_megastairs_2,
          lemuel_fruit_fields, uniq_prince_ribbit2
Lair:3:   layout_layer_cave, elwin_shoals_entry_rooms, grunt_megastairs_1
Lair:4:   layout_misc_corridors
Lair:5:   minmay_lair_end_enchanted_forest, layout_gridlike, slime_entry_1,
          st_stairs_9, serial_bayou_lagoon_a, chequers_serial_rivers_marsh,
          lemuel_oklob_altar
Orc:1:    layout_caves, uniq_erolcha
Orc:2:    st_orc_congregation, layout_diamond_mine, serial_shops, shop

Skill      XL: |  1  2  3  4  5  6  7  8  9 10 11 12 13 14 15 |
---------------+----------------------------------------------+-----
Dodging        | 2 3 4 5 6 7 9 10 | 10.5
Conjurations   | 2 3 4 6 7 9 10 11 | 11.1
Spellcasting   | 3 4 5 6 8 |  8.0
Fire Magic     | 4 5 6 7 8 10 11 | 11.1
Fighting       | 11 12 13 | 13.0
Shields        | 1 9 12 13 | 13.0
Earth Magic    | 4 |  4.4
Stealth        | |  1.7

Action                   |  1- 3 |  4- 6 |  7- 9 | 10-12 | 13-15 || total
-------------------------+-------+-------+-------+-------+-------++-------
Melee: Dagger            |    90 |    89 |     4 |       |       ||   183
       Tailslap          |     9 |    12 |    12 |    17 |    64 ||   114
       Punch             |       |     1 |       |     4 |     4 ||     9
       Whip              |       |       |    78 |     4 |       ||    82
       Spear             |       |       |       |   185 |   329 ||   514
       Bite              |       |       |       |       |    34 ||    34
 Cast: Foxfire           |    43 |    17 |    13 |    99 |   246 ||   418
       Scorch            |       |    20 |    67 |   168 |   220 ||   475
       Sticky Flame      |       |       |       |    45 |   146 ||   191
       Flame Wave        |       |       |       |     7 |    14 ||    21
       Conjure Flame     |       |       |       |    10 |     7 ||    17
       Starburst         |       |       |       |       |     1 ||     1
 Abil: Breathe Acid      |       |       |     1 |     6 |     1 ||     8
Evoke: Wand              |       |       |       |     4 |       ||     4
  Use: Scroll            |       |    11 |     8 |     8 |     6 ||    33
       Potion            |       |     1 |     1 |     7 |     1 ||    10
 Stab: Sleeping          |     1 |       |     1 |       |       ||     2
Armor: Skin              |    22 |    38 |    48 |   147 |   275 ||   530
Dodge: Dodged            |    57 |    60 |    82 |   233 |   410 ||   842
Block: Other             |       |       |       |    32 |   131 ||   163
       Reflection        |       |       |       |     4 |     8 ||    12
       Kite shield       |       |       |       |       |    53 ||    53
